 Dungeon Crawl Stone Soup version 0.19.4-9-g45fd643 (webtiles) character file.

8310 Jerry the Carver (level 10, -1/87 (88) HPs)
             Began as a Demigod Fighter on Feb 16, 2017.
             Slain by a lava snake (5 damage)
             ... in a volcano.
             The game lasted 00:31:40 (11350 turns).

Jerry the Carver (Demigod Fighter)                 Turns: 11350, Time: 00:31:40

HP:   -1/87 (88)    AC: 20    Str: 23    XL:     10   Next: 81%
MP:   13/13         EV:  9    Int: 12    God:
Gold: 700           SH:  0    Dex: 19    Spells: 2 memorised, 5 levels left

rFire  . . .     SeeInvis .     H - +1 great sword (elec)
rCold  . . .     Gourm    .     E - +1 plate armour of Emmilimp {rElec Dex+2}
rNeg   . . .     Faith    .     (shield currently unavailable)
rPois  .         Spirit   .     v - +0 helmet
rElec  +         Reflect  .     D - +0 cloak
rCorr  .         Harm     .     I - +2 pair of gloves
MR     +....                    (no boots)
Stlth  ..........               r - amulet of rage
                                j - ring of stealth
                                (no ring)

@: no status effects
A: high mp 1
a: Evoke Berserk Rage


You were in a volcano.
You were very hungry.

You visited 2 branches of the dungeon, and saw 11 of its levels.
You also visited: Volcano.

You collected 700 gold pieces.

Inventory:

Hand Weapons
 a - a +2 long sword
 A - a +2 dagger of venom
 H - a +1 great sword of electrocution (weapon)
Armour
 c - a +0 shield
 v - a +0 helmet (worn)
 D - a +0 cloak (worn)
 E - the +1 plate armour of Emmilimp (worn) {rElec Dex+2}
   (You found it on level 7 of the Dungeon)

   It affects your dexterity (+2).
   It insulates you from electricity.
 I - a +2 pair of gloves (worn)
Jewellery
 j - a ring of stealth (right hand)
 r - an amulet of rage (around neck)
 y - an uncursed ring of ice
Wands
 w - a wand of lightning (10/15)
 F - a wand of acid (11/15)
Scrolls
 g - 3 scrolls of remove curse
 k - 5 scrolls of magic mapping
 l - 3 scrolls of teleportation
 m - 3 scrolls of fog
 x - a scroll of blinking
 M - a scroll of summoning {unknown}
Potions
 d - 3 potions of might
 e - 6 potions of flight
 h - 2 potions of invisibility
 i - 2 potions of lignification {unknown}
 n - 3 potions of magic {unknown}
 p - 5 potions of degeneration {unknown}
 s - a potion of heal wounds {unknown}
 t - 4 potions of curing {unknown}
 u - a potion of resistance {unknown}
 z - a potion of cancellation {unknown}
 B - a potion of brilliance {unknown}
 G - a potion of cure mutation {unknown}
 K - a potion of agility {unknown}
Comestibles
 b - 2 slices of pizza
 f - 7 bread rations
 o - 5 fruits
 q - 4 meat rations
 J - a beef jerky
 L - a royal jelly


   Skills:
 + Level 8.2 Fighting
 * Level 11.0 Long Blades
 + Level 8.1 Armour
 - Level 3.0 Dodging
 - Level 2.6 Shields


You had 5 spell levels left.
You knew the following spells:

 Your Spells              Type           Power        Failure   Level  Hunger
a - Animate Skeleton      Necr           N/A          100%        1    ##.....
b - Regeneration          Chrm/Necr      #.........   100%        3    ####...


Dungeon Overview and Level Annotations

Branches:
Dungeon (10/15)            Temple (0/1) D:4            Lair (1/6) D:10
    Orc (0/2) D:9


Innate Abilities, Weirdness & Mutations

You have an increased reservoir of magic. (+10% MP)


Message History

The lava snake spits lava at you. The glob of lava hits you!
* * * LOW HITPOINT WARNING * * *
A lava snake is nearby!
The lava snake spits lava at you. The glob of lava hits you!
* * * LOW HITPOINT WARNING * * *
The lava snake bites you but does no damage.
You slash the lava snake!
The lava snake is heavily wounded.
The lava snake bites you but does no damage.
You hit the lava snake.
The lava snake is heavily wounded.
The lava snake bites you but does no damage.
You barely miss the lava snake.
The lava snake is heavily wounded.
The lava snake bites you.
* * * LOW HITPOINT WARNING * * *
You are engulfed in flames.
You die...

## ############# .
###.....##....# ### ..
###...#.#......####.##..##
§§.........................
§.§........................
§......§.§......@.§.§......
§..≈≈.§≈≈≈≈...≈S..≈§.....§§
§§≈§≈≈§§≈≈§§§≈≈≈≈§§≈§≈≈≈§≈.
§§≈§≈≈§≈§§≈§§≈≈≈≈≈≈≈≈≈≈≈≈≈≈
≈≈§≈≈≈≈≈§§§§§≈≈≈§≈≈≈§≈≈≈§§§
§§§§§≈≈§≈§≈§§≈≈≈≈≈§≈≈§≈≈§§
§§§§≈≈§≈≈§§≈≈≈≈≈≈≈§§§§≈≈
≈§≈§≈≈≈§≈≈≈≈§§§≈≈≈§§§§≈ ≈≈


You could see a lava snake.

Vanquished Creatures
  A fire dragon (D:7)
  A wizard (D:7)
  A hill giant (D:7)
  Pikel (D:8)
  A cyclops (D:7)
  A troll (D:10)
  2 two-headed ogres
  3 hippogriffs
  A hippogriff (shapeshifter) (D:7)
  A shadow (D:7)
  A spriggan (D:7)
  2 fire bats (Volcano)
  A hungry ghost (D:10)
  Menkaure (D:5)
  A water moccasin (D:10)
  A hornet zombie (D:8)
  An eye of draining (D:10)
  An orc warrior (D:7)
  An ice beast (D:8)
  A black bear (D:7)
  An ogre (D:6)
  3 necrophages
  4 centaurs
  A big kobold (D:8)
  3 bullfrogs
  4 scorpions
  A killer bee (D:7)
  3 howler monkeys
  5 crimson imps
  A bullfrog zombie (D:9)
  A centaur zombie (D:10)
  5 lava snakes (Volcano)
  5 hounds
  2 bullfrog skeletons
  3 jellies
  6 orc priests
  2 centaur skeletons
  6 orc wizards
  5 worker ants
  2 iguanas (D:9)
  A hound skeleton (D:3)
  3 worker ant zombies
  11 adders
  5 gnolls
  An ooze (D:7)
  4 dart slugs
  4 leopard geckos
  16 orcs
  3 ball pythons
  4 giant cockroaches
  8 goblins
  4 hobgoblins
  3 jackals (D:3)
  6 kobolds
  5 quokkas
  3 bats (D:1)
  6 frilled lizards
  A jackal skeleton (D:5)
  7 rats
  A plant (D:10)
183 creatures vanquished.

Vanquished Creatures (others)
  A human (D:10)
  An adder skeleton (D:6)
  A jackal (D:8)
3 creatures vanquished.

Grand Total: 186 creatures vanquished

Notes
Turn   | Place    | Note
-------+----------+-------------------------------------------
     0 | D:1      | Jerry the Demigod Fighter began the quest for the Orb.
     0 | D:1      | Reached XP level 1. HP: 18/18 MP: 3/3
   156 | D:1      | Reached skill level 2 in Long Blades
   306 | D:1      | Reached XP level 2. HP: 10/25 MP: 4/4
   967 | D:1      | Reached skill level 1 in Dodging
   967 | D:1      | Reached XP level 3. HP: 26/30 MP: 5/5
  1836 | D:3      | Found a basalt altar of Yredelemnul.
  1946 | D:3      | Found an iron altar of Okawaru.
  2170 | D:3      | Reached skill level 3 in Long Blades
  2170 | D:3      | Reached XP level 4. HP: 33/38 MP: 6/6
  2599 | D:4      | Reached XP level 5. HP: 26/45 MP: 7/7
  2941 | D:4      | Found a blossoming altar of Fedhas.
  3201 | D:4      | Reached skill level 4 in Long Blades
  3631 | D:4      | Found a staircase to the Ecumenical Temple.
  3882 | D:4      | Reached XP level 6. HP: 33/52 MP: 8/8
  4394 | D:5      | Entered Level 5 of the Dungeon
  4834 | D:5      | Noticed Menkaure
  5312 | D:5      | Found a glowing silver altar of Zin.
  5355 | D:5      | Killed Menkaure
  5358 | D:5      | Reached XP level 7. HP: 53/59 MP: 9/9
  5717 | D:5      | Reached skill level 5 in Long Blades
  6402 | D:6      | Found an opulent altar of Gozag.
  6601 | D:6      | Found a white marble altar of Elyvilon.
  7256 | D:7      | Reached skill level 6 in Long Blades
  7317 | D:7      | Noticed a spriggan baker
  7332 | D:7      | Killed a spriggan baker
  7332 | D:7      | Reached skill level 5 in Armour
  7332 | D:7      | Reached XP level 8. HP: 66/66 MP: 10/10
  7401 | D:7      | Reached skill level 5 in Fighting
  7699 | D:7      | Reached skill level 7 in Long Blades
  7821 | D:7      | Noticed a wizard
  7821 | D:7      | Noticed a troll
  7822 | D:7      | Noticed a fire dragon
  7839 | D:7      | Noticed a hippogriff
  7844 | D:7      | Killed a hippogriff
  7850 | D:7      | Killed a wizard
  7850 | D:7      | Reached skill level 8 in Long Blades
  7850 | D:7      | Reached XP level 9. HP: 74/74 MP: 11/11
  7960 | D:7      | Got a faintly humming scale mail
  7961 | D:7      | Identified the +2 scale mail "Dotro" {Int-3 Dex+6} (You found it on level 7 of the Dungeon)
  8157 | D:7      | Noticed a hill giant
  8169 | D:7      | Killed a hill giant
  8251 | D:7      | Got a steaming plate armour
  8263 | D:7      | Identified the cursed +1 plate armour of Emmilimp {rElec Dex+2} (You found it on level 7 of the Dungeon)
  8274 | D:7      | Noticed a cyclops
  8283 | D:7      | Killed a cyclops
  8283 | D:7      | Reached skill level 9 in Long Blades
  8359 | D:7      | Learned a level 1 spell: Animate Skeleton
  8363 | D:7      | Learned a level 3 spell: Regeneration
  8410 | D:7      | Killed a fire dragon
  8766 | D:8      | Reached XP level 10. HP: 85/85 MP: 13/13
  8878 | D:8      | Found a sacrificial altar of Ru.
  8966 | D:8      | Noticed Pikel
  8973 | D:8      | Killed Pikel
  8979 | D:8      | Reached skill level 10 in Long Blades
  9528 | D:9      | Found a staircase to the Orcish Mines.
  9919 | D:9      | Found a roughly hewn altar of Beogh.
 10189 | D:10     | Entered Level 10 of the Dungeon
 10348 | D:10     | Found a staircase to the Lair.
 10842 | D:10     | Found an ancient bone altar of Kikubaaqudgha.
 10951 | Lair:1   | Entered Level 1 of the Lair of Beasts
 10969 | Lair:1   | Found a dark tunnel.
 10982 | Volcano  | Entered a volcano
 10990 | Volcano  | Reached skill level 11 in Long Blades
 11350 | Volcano  | HP: 4/87 [lava snake (5)]
 11350 | Volcano  | Slain by a lava snake

Skill      XL: |  1  2  3  4  5  6  7  8  9 10 |
---------------+-------------------------------+-----
Long Blades    | 2 3 4 6 8 9 11 | 11.0
Dodging        | 1 2 3 |  3.0
Fighting       | 3 4 6 7 8 |  8.2
Armour         | 3 4 5 6 7 8 |  8.1
Shields        | |  2.6

Action                   |  1- 3 |  4- 6 |  7- 9 | 10-12 || total
-------------------------+-------+-------+-------+-------++-------
Melee: Long sword        |   146 |   143 |   236 |       ||   525
       Dagger            |     9 |       |       |       ||     9
       Great sword       |       |       |    14 |   194 ||   208
 Abil: Evoke Berserk Rag |       |     2 |     7 |     1 ||    10
  Use: Scroll            |       |     2 |    10 |     7 ||    19
  Eat: Chunk             |     4 |     9 |    18 |    12 ||    43
       Pizza             |       |     1 |       |       ||     1
       Royal jelly       |       |       |     1 |       ||     1
Armor: Scale mail        |    58 |    45 |       |       ||   103
       Plate armour      |       |    22 |   169 |   131 ||   322
Dodge: Dodged            |    75 |    76 |    93 |    88 ||   332
       Rpst.: Long sword |    24 |    21 |    29 |       ||    74
       Great sword       |       |       |     1 |    22 ||    23
